cohdb
Replays
Latest Replays
All Replays
Popular Replays
Top Player Replays
Match Explorer
How It Works
Community
CoH3 Stats
Reddit
Sign in to upload your games and track your stats! →
Sign in with Steam
Match 40983420
Unlisted
Match 40983420
Overview
Messages
Build Orders
End
Construct Section Command Post
Vickers Machine Gun Team
Dingo Light Scout Car
Infantry Section
Infantry Section
Grenade Package
Selects Canadian Shock Battlegroup
Selects Attacking Spirit
Selects Canadian Shock Section
Canadian Shock Section
Construct Platoon Command Post
Selects Incendiary Munitions
Canadian Shock Section
Construct Company Command Post
Crusader II Medium Tank
CMP 15cwt Truck
wila
大馋猫-player
LittleFatty233
深入骨髓的恨意
我真的不是驴
Neol0vo
NO.2
gooood
0
0
Comments
sign in to comment!
No comments posted yet!